 Dungeon Crawl Stone Soup version 0.21.1-1-g345015f (webtiles) character file.

87 Kairos the Cudgeler (level 4, 0/27 HPs)
             Began as a Gargoyle Gladiator on Mar 27, 2018.
             Was an Initiate of Okawaru.
             Slain by Kairos's ghost (5 damage)
             ... on level 3 of the Dungeon.
             The game lasted 00:02:17 (1840 turns).

Kairos the Cudgeler (Gargoyle Gladiator)            Turns: 1840, Time: 00:02:17

Health: 0/27       AC:  7    Str: 18    XL:     4   Next: 51%
Magic:  4/4        EV: 12    Int:  9    God:    Okawaru [......]
Gold:   128        SH:  0    Dex: 11    Spells: 3/3 levels left

rFire    . . .     SeeInvis .   g - +2 hand axe (elec)
rCold    . . .     Gourm    .   (no shield)
rNeg     + . .     Faith    .   b - +0 leather armour
rPois    ∞         Spirit   .   c - +0 helmet
rElec    +         Reflect  .   (no cloak)
rCorr    .         Harm     .   (no gloves)
MR       .....                  (no boots)
Stlth    +.........             (no amulet)
HPRegen  0.09/turn              (no ring)
MPRegen  0.09/turn              (no ring)

@: no status effects
A: negative energy resistance 1, electricity resistance, unbreathing,
petrification resistance, rot immunity, AC +3
a: Renounce Religion


You were on level 3 of the Dungeon.
You worshipped Okawaru.
Okawaru was noncommittal.
You were hungry.

You visited 1 branch of the dungeon, and saw 3 of its levels.

You collected 128 gold pieces.

Inventory:

Hand Weapons
 a - a +0 flail
 g - a +2 hand axe of electrocution (weapon)
 l - a +0 war axe
Missiles
 d - 3 throwing nets (quivered)
 n - 9 tomahawks
Armour
 b - a +0 leather armour (worn)
 c - a +0 helmet (worn)
Scrolls
 h - 2 scrolls of identify {unknown}
 i - 2 scrolls of blinking {unknown}
 j - a scroll of magic mapping {unknown}
 k - a scroll of remove curse {unknown}
 m - 2 scrolls of fear {unknown}
 o - a scroll of immolation {unknown}
 p - a scroll of teleportation {unknown}
Potions
 e - a potion of flight {unknown}
Comestibles
 f - 6 rations


   Skills:
 + Level 2.7 Fighting
 + Level 1.4(2.5) Axes
 + Level 3.5(3.7) Maces & Flails
 + Level 2.0 Throwing
 + Level 1.5 Armour
 + Level 2.9 Dodging
 + Level 0.1 Stealth


You had 3 spell levels left.
You didn't know any spells.

Dungeon Overview and Level Annotations

Branches:
Dungeon (3/15)

Altars:
Fedhas
Okawaru
Ru

Annotations:
D:3 Kairos's ghost, novice GrGl


Innate Abilities, Weirdness & Mutations

You are resistant to torment.
Your stone body is resilient. (AC +3)
You are immune to poison.
You resist negative energy. (rN+)
You are resistant to electric shocks. (rElec)
You can survive without breathing.
You are immune to petrification.
You are immune to rotting.


Message History

You are too injured to fight recklessly!
You hit Kairos's ghost but do no damage.
Kairos's ghost is lightly damaged.
Kairos's ghost hits you.
* * * LOW HITPOINT WARNING * * *
You completely miss Kairos's ghost.
Kairos's ghost is lightly damaged.
Kairos's ghost hits you but does no damage.
Kairos's ghost hits you.
* * * LOW HITPOINT WARNING * * *
You completely miss Kairos's ghost.
Kairos's ghost is lightly damaged.
Kairos's ghost closely misses you.
Kairos's ghost says, "Crushing you to a pulp will hurt a lot.
After that?
Painless!
I promise!"
Kairos's ghost ripples.
Kairos's ghost keens inconsolably.
Kairos's ghost whispers, "You will understand me better in a moment."
There is a stone staircase leading up here.
Kairos's ghost hits you.
You die...

####### . #@W...##
....##.###.#.
#.........#.#.#
#######.#.#.#.#
#### #.#.#.#.##
####...
#......#.###......
###...###.#.######
####.#[..#..≈≈≈.
##.#.#..≈...≈


You could see Kairos's ghost.

Vanquished Creatures
  An orc priest (D:2)
  An adder (D:2)
  A worm (D:2)
  3 orcs (D:2)
  11 bats
  3 giant cockroaches
  4 goblins
  5 hobgoblins (D:1)
  2 jackals (D:1)
  4 kobolds
  6 rats
41 creatures vanquished.

Notes
Turn   | Place    | Note
-------+----------+-------------------------------------------
     0 | D:1      | Kairos the Gargoyle Gladiator began the quest for the Orb.
     0 | D:1      | Reached XP level 1. HP: 12/12 MP: 1/1
    78 | D:1      | Reached XP level 2. HP: 10/18 MP: 2/2
   822 | D:1      | Reached XP level 3. HP: 22/22 MP: 3/3
   950 | D:2      | Reached skill level 1 in Armour
   957 | D:2      | Reached XP level 4. HP: 6/27 MP: 4/4
  1292 | D:2      | Reached skill level 1 in Axes
  1371 | D:2      | Found a blossoming altar of Fedhas.
  1421 | D:2      | Found an iron altar of Okawaru.
  1429 | D:2      | Became a worshipper of Warmaster Okawaru
  1785 | D:3      | Found a sacrificial altar of Ru.
  1806 | D:3      | Noticed Kairos's ghost (novice GrGl)
  1840 | D:3      | Slain by Kairos's ghost

Skill      XL: |  1  2  3  4 |
---------------+-------------+-----
Throwing       | 2 |  2.0
Armour         | 1 |  1.5
Axes           | 1 |  1.4
Fighting       | |  2.7
Maces & Flails | |  3.5
Dodging        | |  2.9
Stealth        | |  0.1

Action                   |  1- 3 |  4- 6 || total
-------------------------+-------+-------++-------
Melee: Flail             |    16 |       ||    16
       Hand axe          |    44 |    32 ||    76
  Eat: Chunk             |       |     2 ||     2
Armor: Leather armour    |    28 |    13 ||    41
Dodge: Dodged            |    50 |    14 ||    64
